 Dungeon Crawl Stone Soup version 0.21-a0-88-g13b9641 (webtiles) character file.

3510 OgreWrestling the Ruffian (level 10, -1/102 HPs)
             Began as an Ogre Transmuter on June 27, 2017.
             Was an Elder of Okawaru.
             Slain by OgreWrestling's ghost (13 damage)
             ... on level 7 of the Dungeon.
             The game lasted 00:15:48 (8520 turns).

OgreWrestling the Ruffian (Ogre Transmuter)         Turns: 8520, Time: 00:15:50

Health: -1/102     AC:  4    Str: 16    XL:     10   Next: 8%
Magic:  10/20      EV: 11    Int: 16    God:    Okawaru [****..]
Gold:   207        SH:  0    Dex: 10    Spells: 7/22 levels left

rFire    . . .     SeeInvis .     - Unarmed
rCold    . . .     Gourm    .   (no shield)
rNeg     . . .     Faith    .   b - +1 robe
rPois    .         Spirit   .   (helmet restricted)
rElec    .         Reflect  .   (no cloak)
rCorr    .         Harm     .   (gloves unavailable)
MR       +....                  (boots unavailable)
Stlth    +.........             (no amulet)
HPRegen  0.27/turn              (no ring)
MPRegen  0.17/turn              (no ring)

@: very slightly contaminated, invisible
A: unfitting armour, tough skin 1
a: Heroism, Renounce Religion


You were on level 7 of the Dungeon.
You worshipped Okawaru.
Okawaru was greatly pleased with you.
You were not hungry.

You visited 2 branches of the dungeon, and saw 8 of its levels.

You collected 262 gold pieces.
You spent 55 gold pieces at shops.

Inventory:

Missiles
 a - 106 arrows
 v - a throwing net (quivered)
Armour
 b - a +1 robe (worn)
Jewellery
 x - an uncursed ring of protection from fire {unknown}
Wands
 t - a wand of paralysis (16/24)
Scrolls
 e - 5 scrolls of remove curse
 g - 2 scrolls of teleportation {unknown}
 j - a scroll of immolation {unknown}
 l - a scroll of recharging {unknown}
 m - 4 scrolls of enchant armour
 o - 2 scrolls of amnesia {unknown}
 p - 2 scrolls of noise {unknown}
 u - 2 scrolls of fear {unknown}
 y - a scroll of blinking {unknown}
 z - a scroll of identify
Potions
 h - 2 potions of agility
 i - a potion of might {unknown}
 k - 2 potions of cancellation
 n - 3 potions of flight
 w - a potion of magic {unknown}
 C - a potion of lignification {unknown}
Books
 c - a book of Changes

   Spells                             Type                      Level
   a - Beastly Appendage              Transmutation                1
   b - Sticks to Snakes               Transmutation                2
   c - Spider Form                    Transmutation/Poison         3
   d - Ice Form                       Ice/Transmutation            4
   e - Blade Hands                    Transmutation                5
 B - a book of Flames

   Spells                             Type                      Level
   a - Flame Tongue                   Conjuration/Fire             1
   b - Throw Flame                    Conjuration/Fire             2
   c - Conjure Flame                  Conjuration/Fire             3
   d - Inner Flame                    Hexes/Fire                   3
   e - Sticky Flame                   Conjuration/Fire             4
   f - Fireball                       Conjuration/Fire             5
Comestibles
 d - 4 bread rations
 f - a meat ration
 q - 8 fruits


   Skills:
 - Level 7.2 Fighting
 + Level 4.1 Dodging
 - Level 7.7 Unarmed Combat
 - Level 6.7 Spellcasting
 - Level 4.6 Transmutations
 - Level 4.0 Ice Magic
 - Level 3.4 Invocations


You had 7 spell levels left.
You knew the following spells:

 Your Spells              Type           Power        Failure   Level  Hunger
a - Beastly Appendage     Tmut           ###...       1%          1    None
b - Sticks to Snakes      Tmut           ###.....     2%          2    None
c - Spider Form           Tmut/Pois      ##........   14%         3    ##.....
d - Ice Form              Ice/Tmut       ###.....     22%         4    ####...
e - Blade Hands           Tmut           ###.......   45%         5    #####..


Dungeon Overview and Level Annotations

Branches:
Dungeon (7/15)             Temple (1/1) D:6

Altars:
Ashenzari
Cheibriados
Elyvilon
Fedhas
Gozag
Hepliaklqana
Kikubaaqudgha
Nemelex Xobeh
Okawaru
Ru
Sif Muna
Trog
Uskayaw
Vehumet
Xom
Yredelemnul
Zin
The Shining One

Shops:
D:6 =!}%

Annotations:
D:7 OgreWrestling's ghost, novice MfTm


Innate Abilities, Weirdness & Mutations

You are too large for most types of armour.
You have tough skin. (AC +1)


Message History

Your magical effects are unravelling.
You feel magically purged.
Your magical contamination has completely faded away.
You warm up again.
Your +1 robe unmelds from your body.
You float gracefully downwards.
You feel a little less agile now.
You feel sick.
It was a potion of invisibility.
You fade into invisibility!
You feel sick. OgreWrestling's ghost hits you.
* * * LOW HITPOINT WARNING * * *
You are very lightly contaminated with residual magic.
Unknown command.
It was a potion of curing.
You feel better.
OgreWrestling's ghost completely misses you.
Unknown command.
You feel like a meek peon again.
OgreWrestling's ghost makes a sound of rattling chains.
OgreWrestling's ghost hits you!
You die...

#.................
#.................
##..<.>.....#.....
##...#....##..... ####
#####.#####..... ...##
#..# #..... #..####..#
##...# #.......# #..###
#####.@####.# #.##
#.....W..##.# . ...
#........#..#......
.##............ ....
....)......#.##..........
.##...........#..........
#........†.(......)....
#.......††.........(...
#########.###.........


You could see OgreWrestling's ghost.

Vanquished Creatures
  The ghost of HAL9000 the Cudgeler, a novice OgHu (D:5)
  The ghost of sagitran the Fighter, an amateur GnWn (D:3)
  Prince Ribbit (D:7)
  A hungry ghost (D:7)
  Edmund (D:4)
  A sky beast (D:6)
  4 ice beasts
  A centaur (D:5)
  5 ogres
  A bullfrog (D:4)
  A water moccasin skeleton (D:7)
  6 killer bees (D:7)
  2 scorpions
  5 wights (D:6)
  3 howler monkeys
  A crimson imp (D:6)
  A jelly (D:4)
  4 hounds
  3 orc priests (D:6)
  A bullfrog skeleton (D:6)
  6 orc wizards
  An iguana (D:5)
  2 worker ants
  A killer bee zombie (D:7)
  2 worker ant zombies
  8 adders
  2 howler monkey skeletons
  2 shadow imps
  An ooze (D:7)
  An adder zombie (D:5)
  3 dart slugs
  4 leopard geckos
  18 orcs
  A ball python (D:2)
  10 giant cockroaches
  8 goblins
  11 hobgoblins
  2 jackals (D:3)
  3 quokkas
  A ball python skeleton (D:4)
  A frilled lizard (D:4)
  8 kobolds
  A leopard gecko skeleton (D:4)
  6 rats
147 creatures vanquished.

Vanquished Creatures (collateral kills)
  An ooze (D:1)
  A leopard gecko (D:4)
  A goblin (D:1)
3 creatures vanquished.

Grand Total: 150 creatures vanquished

Notes
Turn   | Place    | Note
-------+----------+-------------------------------------------
     0 | D:1      | OgreWrestling the Ogre Transmuter began the quest for the Orb.
     0 | D:1      | Reached XP level 1. HP: 19/19 MP: 3/3
   242 | D:1      | Reached XP level 2. HP: 21/28 MP: 3/5
   257 | D:1      | Learned a level 2 spell: Sticks to Snakes
   784 | D:1      | Reached XP level 3. HP: 36/36 MP: 4/6
   789 | D:1      | Learned a level 3 spell: Spider Form
  1081 | D:2      | Found a shimmering altar of Xom.
  1555 | D:3      | Found a deep blue altar of Sif Muna.
  1840 | D:3      | Found an iron altar of Okawaru.
  1865 | D:3      | Reached XP level 4. HP: 36/45 MP: 8/8
  2022 | D:3      | Became a worshipper of Warmaster Okawaru
  2110 | D:3      | Noticed sagitran's ghost (amateur GnWn)
  2814 | D:4      | Noticed Edmund
  2856 | D:4      | Killed Edmund
  2856 | D:4      | Reached * piety under Okawaru
  2856 | D:4      | Reached XP level 5. HP: 23/55 MP: 0/9
  3207 | D:4      | Reached XP level 6. HP: 53/63 MP: 10/10
  3226 | D:4      | Reached skill level 1 in Invocations
  3932 | D:4      | Reached XP level 7. HP: 63/71 MP: 6/13
  4287 | D:4      | Reached skill level 5 in Spellcasting
  4375 | D:4      | Learned a level 4 spell: Ice Form
  4673 | D:3      | Killed sagitran's ghost
  4673 | D:3      | Reached ** piety under Okawaru
  4819 | D:5      | Entered Level 5 of the Dungeon
  4833 | D:4      | Reached skill level 5 in Unarmed Combat
  4833 | D:4      | Reached XP level 8. HP: 28/79 MP: 10/18
  5120 | D:5      | Noticed HAL9000's ghost (novice OgHu)
  5147 | D:5      | Reached skill level 1 in Ice Magic
  5150 | D:5      | Killed HAL9000's ghost
  5150 | D:5      | Reached *** piety under Okawaru
  5397 | D:5      | Found an opulent altar of Gozag.
  5569 | D:5      | Found a blossoming altar of Fedhas.
  5673 | D:5      | Found an ancient bone altar of Kikubaaqudgha.
  5824 | D:5      | Found a snail-covered altar of Cheibriados.
  5947 | D:5      | Reached XP level 9. HP: 65/85 MP: 16/19
  6037 | D:5      | Learned a level 5 spell: Blade Hands
  6260 | D:5      | Reached skill level 5 in Fighting
  6452 | D:6      | Found Ozynohad's Food Emporium.
  6559 | D:6      | Found Obuavaor's Gadget Emporium.
  6588 | D:6      | Found Vovuoz's Distillery.
  6596 | D:6      | Bought a potion of heal wounds for 55 gold pieces
  7311 | D:6      | Found a white marble altar of Elyvilon.
  7339 | D:6      | Found Yhaip's Jewellery Shoppe.
  7606 | D:6      | Reached **** piety under Okawaru
  7702 | D:6      | Found a staircase to the Ecumenical Temple.
  8022 | Temple   | Entered the Ecumenical Temple
  8465 | D:7      | Noticed Prince Ribbit
  8486 | D:7      | Killed Prince Ribbit
  8487 | D:7      | Reached XP level 10. HP: 86/102 MP: 15/20
  8495 | D:7      | Noticed OgreWrestling's ghost (novice MfTm)
  8513 | D:7      | HP: 4/102 [OgreWrestling's ghost (2)]
  8520 | D:7      | Slain by OgreWrestling's ghost

Vault maps used:
D:1:      minmay_arrival_stair_chambers
D:2:      xom_teletrap_fun, guppyfry_early_lair_pool
D:3:      lemuel_round_altar, lemuel_doored_altar, minmay_misc_feat_more_columns
D:4:      first_bread, uniq_edmund
D:5:      kennysheep_little_box, fedhas_bush_and_centaur_altar,
          lemuel_round_altar, grunt_gozag_breadcrumbs
D:6:      minmay_temple_entry_statues_pillars, serial_shops, shop_fountains,
          shop, nicolae_shop_stone, nicolae_shop_statue_plus, elyvilon_altar_5
D:7:      overflow_temple_1_default, nicolae_overflow_crystal_walls,
          kennysheep_nub, uniq_prince_ribbit1
Temple:   minmay_temple_bridge_abc

Skill      XL: |  1  2  3  4  5  6  7  8  9 10 |
---------------+-------------------------------+-----
Fighting       | 2 3 4 7 |  7.2
Unarmed Combat | 3 4 5 7 |  7.7
Spellcasting   | 3 4 6 |  6.7
Invocations    | 3 |  3.4
Transmutations | 4 |  4.6
Ice Magic      | 4 |  4.0
Dodging        | 3 4 |  4.1

Action                   |  1- 3 |  4- 6 |  7- 9 | 10-12 || total
-------------------------+-------+-------+-------+-------++-------
Melee: Unarmed           |   111 |   116 |   292 |    14 ||   533
       Kick              |     5 |       |       |       ||     5
       Headbutt          |     3 |       |       |       ||     3
       Punch             |       |       |     1 |       ||     1
 Cast: Beastly Appendage |    12 |       |       |       ||    12
       Sticks to Snakes  |     2 |     3 |     3 |       ||     8
       Spider Form       |     3 |    10 |    24 |       ||    37
       Ice Form          |       |       |     9 |     1 ||    10
Invok: Heroism           |       |       |     5 |     1 ||     6
  Use: Scroll            |       |       |     5 |       ||     5
       Potion            |       |       |       |     6 ||     6
 Stab: Distracted        |       |     1 |       |       ||     1
  Eat: Chunk             |     4 |     9 |    12 |       ||    25
       Bread ration      |       |       |     2 |       ||     2
Armor: Robe              |    18 |    13 |    20 |       ||    51
       Skin              |       |     2 |    15 |     2 ||    19
Dodge: Dodged            |    66 |    59 |   188 |    43 ||   356
